Map: Honorgrounds LE

Players

uThermal - Winner!

  • Race: Terran Terran
  • Spawn Location: 5:00

TestingThree (Legho)

  • Race: Zerg Zerg
  • Spawn Location: 1:00

Event: IEM XI Katowice - World Championship 2017

VOD

Have the link to the VOD?

Description

Time

  • Played on: Feb. 27, 2017, 8:11 a.m.
  • Length: 5:24

All games in this series

Show
View Real Time Build Order
Export as new Build Order

uThermal Terran - Winner!

Build Orders:  

Get SALT Encoding   

  12  0:01  SCV  
  13  0:13  SCV  
  14  0:18  Supply Depot  
  14  0:25  SCV  
  15  0:39  SCV  
  15  0:40  Barracks  
  16  0:44  Refinery  
  16  0:51  SCV  
  17  1:00  Barracks  
  18  1:04  SCV  
  18  1:16  SCV  
  19  1:21  Barracks  
  19  1:27  Reaper  
  20  1:34  Refinery  
  20  1:43  Orbital Command  
  20  1:48  Reaper  
  21  1:57  Supply Depot  
  21  2:01  Reaper  
  22  2:09  SCV  
  23  2:19  Reaper  
  23  2:21  Reaper, SCV  
  26  2:31  Supply Depot  
  26  2:33  SCV  
  27  2:38  Reaper  
  28  2:45  SCV  
  29  2:53  Reaper  
  29  2:57  SCV  
  31  3:00  Reaper  
  32  3:14  Reaper  
  32  3:15  SCV  
  32  3:17  Command Center  
  34  3:26  Reaper  
  34  3:32  Reaper  
  35  3:35  SCV  
  35  3:40  Supply Depot  
  36  3:46  Reaper  
  36  3:47  SCV  
  38  3:54  Barracks  
  38  3:55  Barracks  
  38  3:58  Reaper  
  38  4:02  SCV  
  40  4:04  Reaper  
  41  4:14  SCV  
  41  4:18  Reaper  
  42  4:26  SCV  
  42  4:30  Reaper  
  44  4:33  Orbital Command  
  44  4:36  Reaper  
  45  4:38  SCV  
  45  4:43  Reaper x2  
  48  4:50  SCV  
  51  5:00  SCV  
  51  5:02  SCV  
  51  5:12  SCV  
Show
View Real Time Build Order
Export as new Build Order

TestingThree Zerg 

Build Orders: Hatch First 

Get SALT Encoding   

  12  0:00  Drone  
  13  0:13  Overlord  
  13  0:18  Drone  
  14  0:31  Drone  
  14  0:32  Drone  
  17  0:35  Drone  
  17  0:55  Hatchery  
  16  0:58  Drone  
  16  1:01  Extractor  
  16  1:03  Drone  
  17  1:08  Drone  
  18  1:24  Spawning Pool  
  17  1:28  Drone  
  17  1:29  Drone  
  19  1:39  Drone  
  20  1:50  Overlord  
  20  2:05  Drone  
  21  2:10  Queen  
  21  2:11  Queen  
  21  2:12  Zergling x4  
  27  2:17  Metabolic Boost  
  26  2:30  Spore Crawler  
  26  2:41  Drone x2  
  26  2:42  Drone x3  
  30  2:45  Drone  
  30  2:50  Queen  
  32  3:03  Zergling x2  
  32  3:04  Zergling x4  
  33  3:18  Zergling x6  
  31  3:27  Zergling x4  
  31  3:34  Zergling x4  
  34  3:41  Zergling x2  
  34  3:42  Roach Warren  
  33  3:49  Overlord  
  33  3:50  Zergling x4  
  35  4:07  Queen  
  37  4:11  Zergling x10  
  42  4:17  Zergling x4  
  42  4:24  Overlord  
  38  4:43  Roach x5  
  46  4:51  Roach x2  
  38  5:02  Roach x2  

Tags
 
Add a new tag
Caveats
  • Supply blocks, unpowered buildings, or Contaminate may cause inaccurate times.
  • Supply counts are checked every 10 seconds.